 Dungeon Crawl Stone Soup version 0.30-a0-1053-gbd8d5ba0ad (webtiles) character file.

Game seed: 5106721402963315461

14 NinjaNoafa the Ducker (level 2, -1/23 HPs)
             Began as a Merfolk Gladiator on Apr 11, 2023.
             Succumbed to an adder's poison
             ... on level 2 of the Dungeon.
             The game lasted 00:01:24 (1057 turns).

NinjaNoafa the Ducker (Merfolk Gladiator)           Turns: 1057, Time: 00:01:25

Health: -1/23      AC:  4    Str: 14    XL:     2   Next: 45%
Magic:  2/2        EV: 13    Int: 13    God:
Gold:   85         SH:  0    Dex: 15    Spells: 1/1 levels left

rFire   . . .      SeeInvis .    a - +0 rapier
rCold   . . .      Faith    .    (no shield)
rNeg    . . .      Spirit   .    b - +0 leather armour
rPois   .          Reflect  .    c - +0 helmet
rElec   .          Rampage  .    (no cloak)
rCorr   .                        (no gloves)
Will    .....                    (no boots)
Stlth   +                        (no amulet)
HPRegen 0.23/turn                k - +6 ring of intelligence
MPRegen 0.08/turn                (no ring)

@: lethally poisoned (-1 -> -6)
A: (nimble swimmer 2), mertail
a: no special abilities


You were on level 2 of the Dungeon.
You visited 1 branch of the dungeon, and saw 2 of its levels.

You collected 85 gold pieces.

Inventory:

Hand Weapons
 a - a +0 rapier (weapon)
Missiles
 d - a throwing net (quivered)
 e - a javelin
Armour
 b - a +0 leather armour (worn)
 c - a +0 helmet (worn)
Jewellery
 k - a +6 ring of intelligence (left hand)
Scrolls
 f - a scroll of teleportation {unknown}
 g - a scroll of blinking {unknown}
 h - a scroll of identify {unknown}
Potions
 i - a potion of curing {unknown}
 j - a potion of degeneration {unknown}


   Skills:
 + Level 2.6 Fighting
 - Level 4.0 Short Blades
 - Level 2.0 Throwing
 - Level 4.3 Dodging


You had one spell level left.
You didn't know any spells.
Your spell library was empty.

Dungeon Overview and Level Annotations

Branches:
Dungeon (2/15)

Altars:


Innate Abilities, Weirdness & Mutations

((You are very nimble when in or above water. (Stealth+, EV+, Speed+++)))
Your lower body shifts to a powerful aquatic tail in water.


Message History

You are too injured to fight recklessly!
Unknown command.
Unknown command.
Unknown command.
You closely miss the adder.
The adder is severely wounded.
You feel sick. The adder bites you.
* * * LOW HITPOINT WARNING * * *
You are lethally poisoned!
The adder poisons you!
Unknown command.
Unknown command.
Unknown command.
Unknown command.
You are too injured to fight recklessly!
Throw: 3 throwing nets
Press: ? - help, Q - select action, (/) - cycle Shift-Dir - straight line, f - adder
Aim: an adder (severely wounded, 42% to hit)
You throw a throwing net.
The throwing net closely misses the adder.
* * * LOW HITPOINT WARNING * * *
You feel sick. The adder bites you.
* * * LOW HITPOINT WARNING * * *
Unknown command.
Throw: 2 throwing nets
Press: ? - help, Q - select action, (/) - cycle Shift-Dir - straight line, f/p - adder
Aim: an adder (severely wounded, 42% to hit)
You throw a throwing net. The throwing net hits the adder.
The adder is caught in the net!
The adder is severely wounded.
* * * LOW HITPOINT WARNING * * *
You feel sick.
The adder struggles against the net.
You hit the adder.
The adder is almost dead.
* * * LOW HITPOINT WARNING * * *
You feel sick.
The adder struggles against the net. x2
Unknown command.
You hit the adder.
You kill the adder!
You die...

## .# . .. .# .#.
.###### # .#.
...##.. .# ..
.#.##.# ##.####.##
.#.##.##........(#
................†#
##.##.#.## #@#
......#.##.#####.###
####.......##......#
####.......##.##.#.#
..##.......##.##.#.#
#.##.......#.....#.#
#.##.......#..####.#
...........#..####.#
#.##.......#.......#


There were no monsters in sight!

Vanquished Creatures
  An adder (D:2)
  2 bats
  2 endoplasms (D:1)
  2 giant cockroaches (D:2)
  A quokka (D:1)
  4 ball pythons (D:1)
  A kobold (D:1)
  2 rats
15 creatures vanquished.

Notes
Turn   | Place    | Note
-------+----------+-------------------------------------------
     0 | D:1      | NinjaNoafa the Merfolk Gladiator began the quest for the
                  | Orb.
     0 | D:1      | Reached XP level 1. HP: 16/16 MP: 1/1
   184 | D:1      | Reached XP level 2. HP: 22/23 MP: 2/2
  1056 | D:2      | HP: 1/23 [poisoned by an adder]
  1057 | D:2      | Succumbed to an adder's poison

Illustrated notes

Levels and vault maps discovered:
D:1:      amcnicky_arrival_wind_blow, layout_basic
D:2:      layout_loops_cross, nrook_mini_backslash, uniq_crazy_yiuf_cottage

Skill      XL: |  1  2 |
---------------+-------+-----
Short Blades   | 4 |  4.0
Fighting       | |  2.6
Throwing       | |  2.0
Dodging        | |  4.3

Action                     || total
---------------------------++-------
  Melee: Rapier            ||    49
  Throw: Throwing net      ||     2
   Stab: Sleeping          ||     1
 Armour: Leather armour    ||    14
  Dodge: Dodged            ||    29

Table legend: (Time is in decaauts)
 A = Elapsed time spent in this place.
 B = Non-inter-level travel time spent in this place.
 C = Inter-level travel time spent in this place.
 D = Time resting spent in this place.
 E = Time spent auto-exploring this place.
 F = Levels seen in this place.
 G = Mean time per level.
                   A        B        C        D        E       F      G
               +--------+--------+--------+--------+--------+-----+--------+
         Total |   1056 |   1008 |     48 |      0 |    815 |   2 |  528.0 |
       Dungeon |   1056 |   1008 |     48 |      0 |    815 |   2 |  528.0 |
               +--------+--------+--------+--------+--------+-----+--------+

Top non-repeatable levels by time:
     D:1: 931 daAuts
     D:2: 125 daAuts
